 Dungeon Sprint DCSS version 0.30-a0-451-ge042605de7 (webtiles) character file.

Game seed: 10825774583470392347

18746 mhtbhm the Peltast (level 12, -1/125 HPs)
             Began as a Minotaur Fighter on Dec 11, 2022.
             Was the Champion of Makhleb.
             Slain by a spark wasp (5 damage)
             ... in the Dungeon (Sprint V: "Ziggurat Sprint").
             The game lasted 00:06:26 (1121 turns).

mhtbhm the Peltast (Minotaur Fighter)               Turns: 1121, Time: 00:06:31

Health: -1/125     AC: 34    Str: 32    XL:     12   Next: 30%
Magic:  15/16      EV:  2    Int:  5    God:    Makhleb [******]
Gold:   0          SH: 32    Dex:  8    Spells: 11/11 levels left

rFire   + . .      SeeInvis +    a - +14 obsidian axe {vorpal, Mesm Drain Fly SInv}
rCold   + . .      Faith    .    c - +18 shield of the Gong {rElec rN+ Will+ EV-5}
rNeg    + . .      Spirit   .    b - +5 gold dragon scales
rPois   +          Reflect  .    (helmet restricted)
rElec   +          Harm     .    (no cloak)
rCorr   .          Rampage  .    (no gloves)
Will    +....      NoTele   +    (no boots)
Stlth   ..........               s - amulet of Ceunlaun {Acrobat rPois}
HPRegen 0.40/turn                x - +6 ring of strength
MPRegen 0.15/turn                F - ring of the Tortoise {AC+8}

@: spiked, flying, mesmerised, slowed, studying 2 skills, very slow
A: horns 2, retaliatory headbutt, clumsy 1
a: Renounce Religion, Minor Destruction, Lesser Servant of Makhleb, Major
Destruction, Greater Servant of Makhleb


You were in the Dungeon.
You worshipped Makhleb.
Makhleb was exalted by your worship.
You visited 1 branch

Inventory:

Hand Weapons
 a - the +14 obsidian axe (weapon) {vorpal, Mesm Drain Fly SInv}
   (You found it in the Dungeon)

   It inflicts extra damage upon your enemies.
   It occasionally summons demons to assist the wielder when it strikes in
   combat.
   Its wielder is mesmerised by any visible foes.
   It cannot be unequipped while any foes are visible.
   SInv:      It lets you see invisible.
   Fly:       It grants you flight.
   Drain:     It drains your maximum health when unequipped.
Armour
 b - +5 gold dragon scales (worn)
 c - the +18 shield of the Gong (worn) {rElec rN+ Will+ EV-5}
   (You found it in the Dungeon)

   It is deafeningly noisy when blocking attacks.
   EV:        It affects your evasion (-5).
   rElec:     It insulates you from electricity.
   rN:        It protects you from negative energy.
   Will:      It increases your willpower.
Jewellery
 s - the amulet of Ceunlaun (around neck) {Acrobat rPois}
   (You found it in the Dungeon)

   [amulet of the acrobat]

   It increases your evasion while moving and waiting.
   rPois:     It protects you from poison.
 x - a +6 ring of strength (left hand)
 C - the ring "Sere" {rElec rF+ Will+}
   (You found it in the Dungeon)

   [ring of willpower]

   rF:        It protects you from fire.
   rElec:     It insulates you from electricity.
   Will:      It increases your willpower.
 E - the ring "Kyudgheff" {rPois Will+ EV+4 Dex+8 Stlth-}
   (You found it in the Dungeon)

   [ring of evasion]

   EV:        It affects your evasion (+4).
   Dex:       It affects your dexterity (+8).
   rPois:     It protects you from poison.
   Will:      It increases your willpower.
   Stlth:     It makes you less stealthy.
 F - the ring of the Tortoise (right hand) {AC+8}
   (You found it in the Dungeon)

   [ring of protection]

   AC:        It affects your AC (+8).
 G - the ring "Zaaw" {Str+6 Int+3}
   (You found it in the Dungeon)

   [ring of strength]

   Str:       It affects your strength (+6).
   Int:       It affects your intelligence (+3).
Wands
 z - a wand of mindburst (7)
 A - a wand of acid (7)
Scrolls
 j - 4 scrolls of blinking
 o - 4 scrolls of amnesia
 p - 7 scrolls of fog
 q - 5 scrolls of identify
 r - 2 scrolls of fear
 D - 4 scrolls of enchant weapon
Potions
 d - 6 potions of might
 e - 7 potions of curing
 f - 11 potions of heal wounds
 g - 6 potions of haste
 h - 7 potions of magic
 i - 2 potions of berserk rage
 k - 2 potions of brilliance
 l - 2 potions of invisibility
 m - 4 potions of resistance
 n - a potion of experience
Miscellaneous
 t - a phantom mirror
 u - a condenser vane (inert)
 v - a tin of tremorstones (2/2)
 w - a box of beasts
 B - a lightning rod (4/4)


   Skills:
 + Level 17.4 Fighting
 + Level 20.0 Axes
 + Level 16.8 Armour
 + Level 0.8 Stealth
 + Level 20.6 Shields
 * Level 6.7 Invocations
 * Level 6.2 Evocations


You had 11 spell levels left.
You didn't know any spells.
Your spell library contained the following spells:

 Spells                   Type           Power      Damage    Failure   Level
 Apportation              Tloc           0%         N/A       100%        1
 Blink                    Tloc           0%         N/A       100%        2
 Momentum Strike          Conj/Tloc      0%         3d8       100%        2
 Poisonous Vapours        Pois/Air       0%         N/A       100%        2
 Frozen Ramparts          Ice            0%         1d1       100%        3
 Hailstorm                Conj/Ice       0%         3d3       100%        3
 Ignite Poison            Fire/Tmut/Pois 0%         N/A       100%        3
 Kindle Blastsparks       Fire/Tloc/Air  0%         2d10      100%        3
 Lesser Beckoning         Tloc           0%         N/A       100%        3
 Spider Form              Tmut/Pois      0%         N/A       100%        3
 Stone Arrow              Conj/Erth      0%         3d7       100%        3
 Animate Armour           Summ/Erth      0%         N/A       100%        4
 Animate Dead             Necr           0%         N/A       100%        4
 Leda's Liquefaction      Hex/Erth       0%         N/A       100%        4
 Passage of Golubria      Tloc           0%         N/A       100%        4
 Summon Lightning Spire   Summ/Air       0%         N/A       100%        4
 Borgnjor's Vile Clutch   Necr/Erth      0%         N/A       100%        5
 Freezing Cloud           Conj/Ice/Air   0%         6-21      100%        5
 Irradiate                Conj/Tmut      0%         3d11      100%        5
 Iskenderun's Battlesphe  Conj           0%         2d6       100%        5
 Lee's Rapid Deconstruct  Erth           0%         3d4*      100%        5
 Summon Mana Viper        Hex/Summ       0%         N/A       100%        5
 Yara's Violent Unravell  Hex/Tmut       0%         3d3       100%        5
 Death Channel            Necr           0%         N/A       100%        6
 Iron Shot                Conj/Erth      0%         9d1       100%        6
 Statue Form              Tmut/Erth      0%         N/A       100%        6
 Dragon Form              Tmut           0%         N/A       100%        7
 Enfeeble                 Hex            0%         N/A       100%        7
 Malign Gateway           Summ/Tloc      0%         N/A       100%        7
 Spellforged Servitor     Conj/Summ      0%         N/A       100%        7
 Storm Form               Tmut/Air       0%         N/A       100%        7
 Summon Hydra             Summ           0%         N/A       100%        7
 Lehudib's Crystal Spear  Conj/Erth      0%         10d2      100%        8
 Maxwell's Capacitive Co  Air            0%         ∞         100%        8
 Summon Horrible Things   Summ           0%         N/A       100%        8
 Polar Vortex             Ice            0%         N/A       100%        9


Dungeon Overview and Level Annotations

Branches:
Dungeon (1/1)

Altars:
Ashenzari
Cheibriados
Dithmenos
Elyvilon
Fedhas
Gozag
Hepliaklqana
Kikubaaqudgha
Makhleb
Nemelex Xobeh
Okawaru
Qazlal
Ru
Sif Muna
Trog
Uskayaw
Vehumet
Wu Jian
Xom
Yredelemnul
Zin
The Shining One
Jiyva
Lugonu


Innate Abilities, Weirdness & Mutations

You have a pair of horns on your head.
You reflexively headbutt those who attack you in melee.
You are clumsy. (Dex -2)


Message History

SHROANNG!
The radroach claws you but does no damage.
The steelbarb worm is engulfed in poison gas.
The steelbarb worm looks as sick as possible!
You block the steelbarb worm's attack.
GONNNNG!
The torpor snail is engulfed in poison gas.
The torpor snail looks even sicker.
You block the torpor snail's attack.
SHROANNG!
The tarantella looks as sick as possible!
The tarantella touches you.
* * * LOW HITPOINT WARNING * * *
Unknown command.
Unknown command.
You feel much better.
Visions of slaying the torpor snail flood into your mind.
You kill the tarantella!
Makhleb accepts your kill.
You feel better.
A freezing mist starts to gather...
The spark wasp is engulfed in poison gas.
The spark wasp looks as sick as possible!
You block the spark wasp's attack.
GONNNNG!
The spark wasp simulacrum hits you.
* * * LOW HITPOINT WARNING * * *
The spark wasp simulacrum freezes you! You resist.
* * * LOW HITPOINT WARNING * * *
The orb spider is engulfed in poison gas.
The orb spider looks as sick as possible!
The radroach is engulfed in poison gas.
The radroach looks as sick as possible!
You block the radroach's attack.
BOUMMMMG!
You block the radroach's attack.
GONNNNG!
The spark wasp is engulfed in poison gas.
The spark wasp looks as sick as possible!
The spark wasp stings you.
* * * LOW HITPOINT WARNING * * *
The spark wasp shocks you. You resist.
You die...

▓..):[:[))..▓........▓.
▓...:)))[}..▓...©....▓.
▓...........▓▓▓▓▓▓▓▓▓▓▓
▓...........▓...8©8...▓
▓.......§§§.▓...)})...▓
▓..§§§§.§s§.▓...})....▓
▓..§s§Z§§§§.▓...).....▓
▓..▓§wwZ§▓..▓...)))...▓
▓...§§@yZ§..▓...).....▓
▓....§ZB§§..▓.........▓
▓▓▓▓▓▓▓▓▓▓▓▓▓.▓.....▓.▓
▓....8©8....▓....©....▓
▓...).)|)...▓▓▓▓▓▓▓▓▓▓▓
▓...:"......▓...8©8...▓
▓.......†...▓..))})...▓
▓.....†.....▓...)})...▓
▓....†......▓...5.....▓


You could see a radroach (soul bound, extremely poisoned), a steelbarb worm
(soul bound, extremely poisoned), a spark wasp (soul bound, extremely poisoned),
a torpor snail (mesmerising, soul bound, very poisoned), a wolf spider (soul
bound), an orb spider (soul bound, extremely poisoned), a wolf spider
simulacrum, a tarantella simulacrum, a redback simulacrum and a spark wasp
simulacrum.

Vanquished Creatures
  A vault warden (D)
  A spark wasp (D)
  A hydra (D)
  A vault guard (D)
  A dancing weapon (D)
  An orc high priest (D)
  A deep elf knight (D)
  A spriggan berserker (D)
  2 pharaoh ants (D)
  An orc sorcerer (D)
  A wolf spider (D)
  2 black mambas (D)
  2 cane toads (D)
  3 komodo dragons (D)
  A yaktaur (D)
  2 hornets (D)
  2 slime creatures (D)
  A tarantella (D)
  A dream sheep (D)
  A blink frog (D)
  4 spriggans (D)
  A yak (D)
  A basilisk (D)
  A wyvern (D)
  A hog (shapeshifter) (D)
  3 golden eyes (D)
  A redback (D)
  2 water moccasins (D)
  4 hell hounds (D)
  A floating eye (D)
  3 orc warriors (D)
  A black bear (D)
  7 wolves (D)
  3 ogres (D)
  2 necrophages (D)
  A bullfrog (D)
  3 orc priests (D)
  3 jellies (D)
  An iron imp (D)
  3 orc wizards (D)
  An adder zombie (D)
  An adder skeleton (D)
  An orc (D)
  An endoplasm (D)
  A ball python zombie (D)
  3 quokka zombies (D)
81 creatures vanquished.

Vanquished Creatures (collateral kills)
  An ironbound preserver (D)
  An ironbound thunderhulk (D)
  A deep elf demonologist (D)
  A shining eye (D)
  A vault sentinel (D)
  A cane toad (D)
  A blink frog (D)
  A slime creature (D)
  A golden eye (D)
  An orc warrior (D)
  A black bear (D)
  A wolf (D)
  An ogre (D)
  An orc wizard (D)
14 creatures vanquished.

Grand Total: 95 creatures vanquished

Notes
Turn   | Place    | Note
-------+----------+-------------------------------------------
     0 | D        | mhtbhm the Minotaur Fighter began the quest for the Orb.
     0 | D        | Reached XP level 1. HP: 19/19 MP: 0/0
     0 | D        | Found a shimmering blue altar of Sif Muna.
     0 | D        | Found a bloodstained altar of Trog.
     0 | D        | Found a sacrificial altar of Ru.
     0 | D        | Found a stormy altar of Qazlal.
     0 | D        | Found an iron altar of Okawaru.
     1 | D        | Found a sparkling altar of Nemelex Xobeh.
     1 | D        | Found a blossoming altar of Fedhas.
     1 | D        | Found the +6 Majin-Bo {vamp, MP+6 Int+6}
     1 | D        | Found the +27 heavy crossbow "Sniper" {vorpal, Acc+∞ SInv}
     1 | D        | Found the +10 dark maul {vorpal}
     1 | D        | Found the +15 Maxwell's patent armour {-Cast -Tele rElec
                  | Will+ rCorr}
     1 | D        | Found the +18 shield of the Gong {rElec rN+ Will+ EV-5}
     1 | D        | Found the +14 obsidian axe {vorpal, Mesm Drain Fly SInv}
     1 | D        | Found the +7 great mace "Firestarter" {inner flame, rF++}
     1 | D        | Found the +6 shillelagh "Devastator" {shatter}
     1 | D        | Found the +11 plutonium sword {Contam Stlth-}
     1 | D        | Found the +8 lance "Wyrmbane" {slay drac, rPois rF+ rC+
                  | AC+3}
     1 | D        | Found the +9 sword of Zonguldrok {reap}
     1 | D        | Found the +13 scythe of Curses {drain, Drain}
     1 | D        | Found the +5 sword of Power {vorpal}
     1 | D        | Found the +7 mace of Variability {chain chaos}
     1 | D        | Found the +7 Singing Sword {vorpal, sonic wave}
     1 | D        | Found the +8 storm bow {elec, penet}
     3 | D        | Found a transporter.
     3 | D        | Found an ancient bone altar of Kikubaaqudgha.
     3 | D        | Found a viscous altar of Jiyva.
     3 | D        | Found a corrupted altar of Lugonu.
     3 | D        | Found a hazy altar of Hepliaklqana.
     3 | D        | Found a burning altar of Makhleb.
     3 | D        | Found an opulent altar of Gozag.
    81 | D        | Became a worshipper of Makhleb the Destroyer
   123 | D        | Entered arena 2.
   123 | D        | Noticed a wolf
   123 | D        | Noticed a wolf
   123 | D        | Found a transporter.
   125 | D        | Killed a wolf
   125 | D        | Killed a wolf
   126 | D        | Reached XP level 2. HP: 35/35 MP: 1/1
   126 | D        | Reached XP level 3. HP: 40/40 MP: 2/2
   126 | D        | Reached XP level 4. HP: 48/48 MP: 3/3
   126 | D        | Reached XP level 5. HP: 53/53 MP: 4/4
   130 | D        | Got the amulet of Ceunlaun {Acrobat rPois}
   279 | D        | Entered arena 3.
   279 | D        | Noticed a spriggan
   279 | D        | Noticed a wolf
   279 | D        | Noticed a wolf
   279 | D        | Found a transporter.
   281 | D        | Killed a wolf
   281 | D        | Reached * piety under Makhleb
   282 | D        | Reached skill level 5 in Axes
   288 | D        | Killed a spriggan
   288 | D        | Killed a wolf
   289 | D        | Reached skill level 10 in Armour
   289 | D        | Reached skill level 10 in Shields
   289 | D        | Reached XP level 6. HP: 46/66 MP: 5/5
   360 | D        | Entered arena 4.
   360 | D        | Noticed a deep elf demonologist
   360 | D        | Noticed a hornet
   360 | D        | Noticed a deep elf knight
   360 | D        | Noticed a +1 flail of protection
   360 | D        | Found a transporter.
   365 | D        | a hornet changed into a hog
   365 | D        | Noticed a hog (shapeshifter)
   366 | D        | Killed a hog
   366 | D        | Reached ** piety under Makhleb
   367 | D        | Reached skill level 10 in Fighting
   367 | D        | Reached XP level 7. HP: 57/72 MP: 6/6
   367 | D        | Killed a deep elf demonologist
   368 | D        | Reached XP level 8. HP: 33/82 MP: 7/7
   368 | D        | Killed a deep elf knight
   369 | D        | Reached skill level 10 in Axes
   376 | D        | Killed a +1 flail of protection
   377 | D        | Reached XP level 9. HP: 41/92 MP: 8/8
   485 | D        | Entered arena 5.
   485 | D        | Found a transporter.
   487 | D        | Reached *** piety under Makhleb
   504 | D        | Entered arena 6.
   504 | D        | Found a transporter.
   506 | D        | Reached **** piety under Makhleb
   509 | D        | Reached ***** piety under Makhleb
   510 | D        | Reached skill level 15 in Shields
   526 | D        | Entered arena 7.
   526 | D        | Noticed a vault sentinel
   526 | D        | Noticed a yaktaur
   526 | D        | Noticed an ironbound thunderhulk
   526 | D        | Noticed a vault warden
   526 | D        | Noticed a vault guard
   526 | D        | Noticed an ironbound preserver
   527 | D        | Found a transporter.
   533 | D        | Killed an ironbound preserver
   534 | D        | Killed a vault guard
   535 | D        | Reached XP level 10. HP: 68/102 MP: 9/9
   536 | D        | Killed an ironbound thunderhulk
   537 | D        | Reached skill level 15 in Axes
   540 | D        | Killed a vault warden
   540 | D        | Killed a vault sentinel
   547 | D        | Got the ring "Byeffy" {rC+ Int+5}
   550 | D        | Got the Writings on Changing and Venin
   635 | D        | Entered arena 8.
   635 | D        | Noticed a spriggan rider
   636 | D        | Found a transporter.
   641 | D        | Reached skill level 15 in Fighting
   641 | D        | Killed a spriggan rider
   641 | D        | Reached ****** piety under Makhleb
   643 | D        | Reached XP level 11. HP: 112/112 MP: 10/10
   755 | D        | Entered arena 9.
   756 | D        | Found a transporter.
   761 | D        | Reached skill level 15 in Armour
   768 | D        | Got Sif Muna's Exposition on Enchanting Shifting
   779 | D        | Got the ring "Sere" {rElec rF+ Will+}
   795 | D        | Entered arena 10.
   795 | D        | Noticed a shining eye
   797 | D        | Paralysed by a floating eye for 2 turns
   797 | D        | Gained mutation: You are clumsy. (Dex -2) [a shining eye]
   806 | D        | Killed a shining eye
   807 | D        | Found a transporter.
   815 | D        | Got Guutan's Last Atlas of Sif Muna
   832 | D        | Entered arena 11.
   833 | D        | Found a transporter.
   959 | D        | Entered arena 12.
   959 | D        | Found the ring of the Tortoise {AC+8}
   959 | D        | Noticed an eight-headed hydra
   961 | D        | Found a transporter.
   966 | D        | Reached skill level 1 in Invocations
   966 | D        | Reached skill level 1 in Evocations
   966 | D        | Killed an 11-headed hydra
   990 | D        | Got the ring "Kyudgheff" {rPois Will+ EV+4 Dex+8 Stlth-}
   998 | D        | Entered arena 13.
   998 | D        | Noticed an orc sorcerer
   999 | D        | Noticed an orc high priest
  1000 | D        | Found a transporter.
  1002 | D        | Noticed a sun demon
  1005 | D        | Killed an orc sorcerer
  1007 | D        | Killed an orc high priest
  1047 | D        | Entered arena 14.
  1048 | D        | Noticed a spriggan berserker
  1049 | D        | Found the +5 scythe "Finisher" {speed, eviscerate}
  1050 | D        | Found a transporter.
  1054 | D        | Reached skill level 5 in Invocations
  1055 | D        | Reached skill level 5 in Evocations
  1055 | D        | Reached XP level 12. HP: 125/125 MP: 13/15
  1077 | D        | Got the ring "Zaaw" {Str+6 Int+3}
  1094 | D        | Got Tuniah's Directory of Hyperbolic Firn
  1109 | D        | Entered arena 15.
  1110 | D        | Noticed a spark wasp
  1110 | D        | Noticed a radroach
  1111 | D        | Noticed a spark wasp
  1118 | D        | Killed a spark wasp
  1119 | D        | HP: 3/125 [spark wasp simulacrum (16)]
  1121 | D        | Slain by a spark wasp

Illustrated notes

Levels and vault maps discovered:
D:        sprint_v [room_start, room_1, room_2, room_3, room_4, room_5, room_6,
          room_7, room_8, room_9, room_10, room_11, room_12, room_13, room_14,
          room_15, room_16, room_17, room_18, room_19, room_20, room_21,
          room_22, room_23, room_24, room_25, room_26, room_27]

Skill      XL: |  1  2  3  4  5  6  7  8  9 10 11 12 |
---------------+-------------------------------------+-----
Fighting       | 7 9 10 11 12 13 15 17 | 17.4
Axes           | 4 6 7 9 11 14 17 19 20 | 20.0
Armour         | 8 10 11 12 13 14 16 | 16.8
Shields        | 7 10 11 12 14 15 16 19 20 | 20.6
Invocations    | 5 6 |  6.7
Evocations     | 5 6 |  6.2
Stealth        | |  0.8

Action                   |  1- 3 |  4- 6 |  7- 9 | 10-12 || total
-------------------------+-------+-------+-------+-------++-------
Melee: Broad axe         |     1 |    10 |    22 |    48 ||    81
       Headbutt          |       |       |       |     6 ||     6
Evoke: Condenser vane    |       |       |       |     3 ||     3
  Use: Potion            |     1 |       |     1 |     5 ||     7
 Stab: Distracted        |       |       |       |     1 ||     1
Armor: Gold dragon scale |       |     8 |     6 |    43 ||    57
Dodge: Dodged            |       |     2 |     1 |    18 ||    21
Block: Kite shield       |     3 |    33 |    32 |   127 ||   195

Table legend: (Time is in decaauts)
 A = Elapsed time spent in this place.
 B = Non-inter-level travel time spent in this place.
 C = Inter-level travel time spent in this place.
 D = Time resting spent in this place.
 E = Time spent auto-exploring this place.
 F = Levels seen in this place.
 G = Mean time per level.
                   A        B        C        D        E       F      G
               +--------+--------+--------+--------+--------+-----+--------+
         Total |   1133 |   1133 |      0 |    591 |      0 |   1 | 1133.0 |
       Dungeon |   1133 |   1133 |      0 |    591 |      0 |   1 | 1133.0 |
               +--------+--------+--------+--------+--------+-----+--------+

Top non-repeatable levels by time:
       D: 1133 daAuts
